 Dungeon Crawl Stone Soup version 0.18.1-5-g4a78601 (webtiles) character file.

46 inmateoo the Chopper (level 3, -26/27 HPs)
             Began as a Mummy Skald on May 9, 2016.
             Engulfed by a cloud of flame (28 damage)
             ... on level 2 of the Dungeon.
             The game lasted 00:01:28 (831 turns).

inmateoo the Chopper (Mummy Skald)                   Turns: 831, Time: 00:01:30

Health: -26/27     AC:  6    Str: 16    XL:     3   Next: 46%
Magic:  6/6        EV:  9    Int: 11    God:
Gold:   67         SH:  0    Dex: 11    Spells: 1 memorised, 5 levels left

rFire  x . .     SeeInvis .     a - +0 hand axe
rCold  + . .     Gourm    .     d - +0 scale mail
rNeg   + + +     Faith    .     (no shield)
rPois  ∞         Spirit   .     (no helmet)
rElec  .         Dismiss  .     (no cloak)
rCorr  +         Reflect  .     (no gloves)
SustAt .         Harm     .     (no boots)
MR     .....                    (no amulet)
Stlth  ..........               (no ring)
                                f - ring of resist corrosion

@: not resistant to hostile enchantments, extremely unstealthy
A: no food or potions, fire vulnerability, cold resistance 1, negative energy
resistance 3, torment resistance, unbreathing
a: no special abilities


You were on level 2 of the Dungeon.
You were not hungry.

You visited 1 branch of the dungeon, and saw 2 of its levels.

You collected 67 gold pieces.

Inventory:

Hand Weapons
 a - a +0 hand axe (weapon)
Armour
 d - a +0 scale mail (worn)
Jewellery
 f - a ring of resist corrosion (left hand)
Scrolls
 b - a scroll of remove curse
 h - a scroll of recharging
Books
 c - a book of Battle

   Spells                             Type                      Level
   a - Infusion                       Charms                       1
   b - Shroud of Golubria             Charms/Translocation         2
   c - Song of Slaying                Charms                       2
   d - Spectral Weapon                Hexes/Charms                 3
   e - Regeneration                   Charms/Necromancy            3


   Skills:
 - Level 2.2 Fighting
 * Level 2.8 Axes
 - Level 0.7 Armour
 - Level 1.1 Dodging
 - Level 2.0 Spellcasting
 - Level 2.4 Charms


You had 5 spell levels left.
You knew the following spells:

 Your Spells              Type           Power        Failure   Level  Hunger
a - Infusion              Chrm           #...         50%         1    N/A

Dungeon Overview and Level Annotations

Branches:
Dungeon (2/15)

Altars:


Innate Abilities, Weirdness & Mutations

You do not eat or drink.
Your flesh is vulnerable to fire.
You are immune to poison.
Your flesh is cold resistant.
You are immune to negative energy.
You are immune to unholy pain and torment.
You can survive without breathing.


Message History

The bat hits you but does no damage. The bat barely misses you.
The bat closely misses you. The bat completely misses you.
The bat hits you but does no damage.
You see here a scroll of remove curse.
b - a scroll of remove curse The bat hits you but does no damage.
The bat hits you but does no damage. The bat barely misses you.
The bat hits you but does no damage. The bat hits you.
The bat hits you but does no damage. The bat barely misses you.
The bat hits you but does no damage.
You slash the bat!
The bat explodes!
The fiery explosion engulfs you! The fire burns you terribly!
Ouch! That really hurt!
* * * LOW HITPOINT WARNING * * *
You are engulfed in roaring flames.
Ouch! That really hurt!
You die...

.###..................#
#.......#...........#
.........#...........#
....................##
..#.....#............#
.###...#.............#
................#
##.............#
#......§@§....#
#..#...§§§...##
###.##.).§§§.....#
#...##........##.#
#.#...............
.###...##.$.........
.......##............
.............!........
.....................


There were no monsters in sight!

Vanquished Creatures
  A gnoll (D:1)
  An adder (D:2)
  3 goblins (D:2)
  4 hobgoblins
  4 jackals (D:1)
  2 kobolds (D:1)
  3 bats
  2 giant newts (D:1)
  8 rats (D:1)
28 creatures vanquished.

Notes
Turn   | Place    | Note
--------------------------------------------------------------
     0 | D:1      | inmateoo the Mummy Skald began the quest for the Orb.
     0 | D:1      | Reached XP level 1. HP: 16/16 MP: 3/3
   120 | D:1      | Reached skill level 1 in Dodging
   120 | D:1      | Reached XP level 2. HP: 22/22 MP: 5/5
   618 | D:2      | Reached XP level 3. HP: 18/27 MP: 6/6
   831 | D:2      | Engulfed by a cloud of flame

Skill      XL: |  1  2 |
---------------+-------+-----
Dodging        | 1 |  1.1
Axes           | 2 |  2.8
Fighting       | |  2.2
Armour         | |  0.7
Spellcasting   | |  2.0
Charms         | |  2.4

Action                   || total
-------------------------++-------
Melee: Hand axe          ||    85
  Use: Scroll            ||     5
Armor: Leather armour    ||     4
       Scale mail        ||    45
Dodge: Dodged            ||    65
